 Dungeon Crawl Stone Soup version 0.19.1 (webtiles) character file.

14671 Malachi the Basher (level 11, -8/86 HPs)
             Began as a Demonspawn Berserker on Dec 14, 2016.
             Was the Champion of Trog.
             Killed from afar by a deep elf mage (28 damage)
             ... with a bolt of lightning
             ... on level 1 of the Orcish Mines.
             The game lasted 00:21:19 (9747 turns).

Malachi the Basher (Demonspawn Berserker)           Turns: 9747, Time: 00:21:20

Health: -8/86      AC: 15    Str: 24    XL:     11   Next: 91%
Magic:  0/20       EV:  9    Int:  8    God:    Trog [******]
Gold:   638        SH:  6    Dex: 12    Spells: 0 memorised, 10 levels left

rFire  . . .     SeeInvis .     n - +0 dire flail (protect)
rCold  . . .     Gourm    .     H - +0 plate armour
rNeg   . . .     Faith    .     (shield currently unavailable)
rPois  +         Spirit   +     (helmet restricted)
rElec  .         Reflect  .     (no cloak)
rCorr  .         Harm     .     o - +0 pair of gloves
MR     .....                    (no boots)
Stlth  ..........               E - amulet of regeneration
                                K - ring of magical power
                                i - ring of poison resistance

@: exhausted, slowed, very slow
A: antennae 2, large bone plates 2, blink, demonic guardian 1, strong 1,
evolution 1, magic shield
a: Blink, Berserk, Trog's Hand, Brothers in Arms, Burn Spellbooks, Renounce
Religion


You were on level 1 of the Orcish Mines.
You worshipped Trog.
Trog was exalted by your worship.
You were hungry.

You visited 2 branches of the dungeon, and saw 11 of its levels.

You collected 748 gold pieces.
You spent 110 gold pieces at shops.

Inventory:

Hand Weapons
 n - a +0 dire flail of protection (weapon)
 t - a +2 hand axe of electrocution
 D - a +4 flail of venom
 Q - a +2 bardiche of venom
 S - a -2 vampiric glaive
Armour
 o - a +0 pair of gloves (worn)
 H - a +0 plate armour (worn)
 L - the -4 shield of Ziarioda {rC++}
   (You acquired it on level 8 of the Dungeon)

   It greatly protects you from cold.
 P - a +2 shield
Jewellery
 i - a ring of poison resistance (left hand)
 r - an uncursed amulet of the gourmand
 v - an uncursed amulet of harm
 E - an amulet of regeneration (around neck)
 F - an uncursed ring of flight
 K - a ring of magical power (right hand)
 N - a +3 ring of evasion
 O - an uncursed ring of protection from fire
 U - an uncursed ring of resist corrosion
Wands
 a - a wand of iceblast (5/15)
 b - a wand of lightning (5/15)
 R - a wand of iceblast (5/15)
Scrolls
 d - 5 scrolls of remove curse
 e - 2 scrolls of blinking
 h - a scroll of magic mapping
 u - 2 scrolls of enchant armour
 y - 2 scrolls of identify
 A - 4 scrolls of teleportation
Potions
 f - 3 potions of agility
 j - 5 potions of heal wounds
 l - 2 potions of invisibility
 m - 5 potions of curing
 s - 5 potions of lignification
 w - 4 potions of resistance
 B - a potion of haste
 C - a potion of berserk rage
 J - 2 potions of flight
 T - a potion of might
Comestibles
 c - 4 bread rations
 g - 9 chunks of flesh
 k - 8 meat rations
 q - 9 slices of pizza
 x - 21 fruits
 I - a beef jerky
 V - 11 royal jellies


   Skills:
 + Level 8.3 Fighting
 + Level 6.3(9.0) Axes
 + Level 9.8(10.6) Maces & Flails
 + Level 1.3(4.2) Polearms
 + Level 8.1 Armour
 + Level 4.3 Dodging
 + Level 1.9 Stealth
 + Level 7.4 Shields


You had 10 spell levels left.
You didn't know any spells.

Dungeon Overview and Level Annotations

Branches:
Dungeon (10/15)            Temple (0/1) D:5             Orc (1/2) D:10
   Lair: D:8-11

Altars:
Elyvilon
Gozag
Hepliaklqana
Kikubaaqudgha
Nemelex Xobeh
Okawaru
Uskayaw
Vehumet
Xom
Yredelemnul
Beogh

Shops:
D:8 (   D:10 *


Innate Abilities, Weirdness & Mutations

You have a pair of antennae on your head.
You are mostly covered in large bone plates. (SH +6)
A weak demonic guardian rushes to your aid.
When hurt, damage is shared between your health and your magic reserves.
You can translocate small distances at will.
Your muscles are strong. (Str +2)
You evolve.


Message History

The deep elf mage blinks!
The deep elf mage casts a spell.
The deep elf mage blinks!
The deep elf mage mumbles some strange words.
The deep elf mage blinks!
The orc knight closely misses you.
You blink.
Splash!
You fall into the shallow water.
Moving in this stuff is going to be slow.
You are feeling hungry.
The orc wizard no longer looks unusually strong.
The deep elf mage casts a spell.
The deep elf mage blinks!
The deep elf mage gestures at you while chanting.
The bolt of lightning hits the orc.
The orc dies!
The bolt of lightning hits you!
* * * LOW HITPOINT WARNING * * *
The bolt of lightning hits you!
You die...

.#....# ##.............#
......###.............##
....................###
...##...............#
....##..............##
.... #...............##
... #.....#.....###5.#
.. .....#.≈≈e##≈≈e#§#
......#≈≈##≈@≈≈≈o)#
##.....#≈≈...o)§#Yo#
#.#≈..o.Y.#≈o#
#≈>..oe.e#o#
.≈#....(.e#.Y ..
#.....eoY#e. .
≈≈o≈≈##o≈#... #≈≈≈##≈
≈.#...o .# .....


You could see an orc knight, 6 deep elf magi, 3 ice beasts, 2 orc priests, 3 orc
wizards, 2 orcs and a friendly shadow imp.

Vanquished Creatures
  The ghost of Bitard the Cleaver, a journeyman MiBe of Trog (D:10)
  A hydra (D:8)
  A centaur warrior (D:10)
  Nergalle (D:10)
  2 unseen horrors (D:10)
  A hill giant (D:10)
  2 orc knights
  Psyche (D:10)
  A queen bee (D:10)
  2 trolls
  A dream sheep (D:8)
  A hippogriff (D:7)
  Sigmund (D:5)
  6 yaks
  Edmund (D:5)
  2 phantoms
  7 orc warriors
  3 sky beasts
  2 ice beasts
  A hornet zombie (D:10)
  A necrophage (D:10)
  3 wolves (D:9)
  10 ogres
  3 centaurs (D:8)
  7 big kobolds
  3 bullfrogs
  A gnoll sergeant (D:10)
  4 scorpions
  29 killer bees
  4 howler monkeys
  3 crimson imps
  A bullfrog zombie (D:6)
  A hound (D:4)
  4 orc wizards
  6 orc priests
  A bullfrog skeleton (D:7)
  4 iguanas
  5 worker ants
  2 hound skeletons
  2 worker ant zombies
  4 gnolls (D:10)
  9 adders
  2 shadow imps
  An ooze (D:2)
  An adder zombie (D:8)
  2 adder skeletons
  4 worms
  4 leopard geckos
  59 orcs
  5 giant cockroaches
  4 goblins
  11 hobgoblins
  15 jackals
  7 quokkas
  2 ball pythons
  6 bats
  3 frilled lizards
  24 kobolds
  6 rats
301 creatures vanquished.

Vanquished Creatures (collateral kills)
  2 tengu warriors (D:9)
  Prince Ribbit (D:5)
  A dream sheep (D:8)
  Grum (D:9)
  A wolf (D:9)
  A howler monkey (D:10)
  A hound (D:5)
  An orc wizard (D:6)
  A leopard gecko (D:5)
  4 orcs (Orc:1)
14 creatures vanquished.

Vanquished Creatures (others)
  An orc (Orc:1)
1 creature vanquished.

Grand Total: 316 creatures vanquished

Notes
Turn   | Place    | Note
-------+----------+-------------------------------------------
     0 | D:1      | Malachi the Demonspawn Berserker began the quest for the Orb.
     0 | D:1      | Reached XP level 1. HP: 18/18 MP: 1/1
   436 | D:1      | Gained mutation: You are partially covered in large bone plates. (SH +4) [demonic ancestry]
   436 | D:1      | Reached XP level 2. HP: 23/24 MP: 2/2
   757 | D:2      | Reached XP level 3. HP: 12/29 MP: 3/3
  1014 | D:2      | Found a white marble altar of Elyvilon.
  1239 | D:2      | Reached ** piety under Trog
  1365 | D:2      | Found a shimmering altar of Xom.
  1381 | D:2      | Found a shimmering altar of Xom.
  1381 | D:2      | Found a shimmering altar of Xom.
  1444 | D:3      | Gained mutation: When hurt, damage is shared between your health and your magic reserves. [demonic ancestry]
  1444 | D:3      | Reached XP level 4. HP: 35/37 MP: 4/4
  1495 | D:3      | Found an ancient bone altar of Kikubaaqudgha.
  1711 | D:3      | Found an iron altar of Okawaru.
  1721 | D:3      | Reached XP level 5. HP: 34/42 MP: 5/5
  2291 | D:4      | Noticed an ogre
  2294 | D:4      | Killed an ogre
  2294 | D:4      | Reached *** piety under Trog
  2402 | D:4      | Gained mutation: A weak demonic guardian rushes to your aid. [demonic ancestry]
  2402 | D:4      | Reached XP level 6. HP: 48/48 MP: 6/6
  2841 | D:5      | Entered Level 5 of the Dungeon
  2964 | D:5      | Noticed Prince Ribbit
  2974 | D:5      | Killed Prince Ribbit
  2974 | D:5      | Reached skill level 5 in Axes
  2974 | D:5      | Gained mutation: You are mostly covered in large bone plates. (SH +6) [demonic ancestry]
  2974 | D:5      | Reached XP level 7. HP: 42/55 MP: 2/7
  3429 | D:5      | Found a radiant altar of Vehumet.
  3489 | D:5      | Noticed Edmund
  3510 | D:5      | Killed Edmund
  3907 | D:5      | Reached skill level 5 in Armour
  3907 | D:5      | Gained mutation: You have a pair of small antennae on your head. [demonic ancestry]
  3907 | D:5      | Reached XP level 8. HP: 33/61 MP: 4/8
  3944 | D:5      | Reached skill level 1 in Maces & Flails
  4006 | D:5      | Noticed Sigmund
  4026 | D:5      | Killed Sigmund
  4026 | D:5      | Reached skill level 2 in Maces & Flails
  4038 | D:5      | Found a staircase to the Ecumenical Temple.
  4057 | D:5      | Reached **** piety under Trog
  4057 | D:5      | Reached skill level 5 in Fighting
  4057 | D:5      | Reached skill level 3 in Maces & Flails
  4471 | D:5      | Reached skill level 1 in Stealth
  4481 | D:5      | Found a sparkling altar of Nemelex Xobeh.
  4839 | D:6      | Found a hazy altar of Hepliaklqana.
  4967 | D:6      | Reached skill level 4 in Maces & Flails
  5187 | D:6      | Gained mutation: You evolve. [potion of mutation]
  5187 | D:6      | Gained mutation: You are clumsy. (Dex -2) [potion of mutation]
  5187 | D:6      | Gained mutation: You can translocate small distances at will. [potion of mutation]
  5941 | D:7      | Noticed a hippogriff
  5950 | D:7      | Killed a hippogriff
  5950 | D:7      | Reached XP level 9. HP: 64/68 MP: 9/9
  6045 | D:7      | Lost mutation: You are clumsy. (Dex -2) [evolution]
  6099 | D:7      | Found a hide-covered altar of Uskayaw.
  6146 | D:8      | Reached skill level 5 in Maces & Flails
  6147 | D:8      | Identified a scroll of acquirement
  6150 | D:8      | Got a faintly glowing shield
  6156 | D:8      | Identified the -4 shield of Ziarioda {rC++} (You acquired it on level 8 of the Dungeon)
  6326 | D:8      | Found Ifaukkeb's Weapon Boutique.
  6689 | D:8      | Reached skill level 1 in Shields
  6799 | D:8      | Reached skill level 6 in Maces & Flails
  6850 | D:8      | Noticed a three-headed hydra
  6861 | D:8      | Killed a three-headed hydra
  6861 | D:8      | Reached skill level 7 in Maces & Flails
  6862 | D:8      | Gained mutation: You have a pair of antennae on your head. [demonic ancestry]
  6862 | D:8      | Reached XP level 10. HP: 73/77 MP: 10/10
  7454 | D:9      | Found an opulent altar of Gozag.
  7454 | D:9      | Found a faded altar of an unknown god.
  7462 | D:9      | Reached ***** piety under Trog
  7496 | D:9      | Found a faded altar of an unknown god.
  7498 | D:9      | Found a faded altar of an unknown god.
  7500 | D:9      | Found a faded altar of an unknown god.
  7583 | D:9      | Noticed a tengu warrior
  7585 | D:9      | Noticed a tengu warrior
  7599 | D:9      | Killed a tengu warrior
  7607 | D:9      | Killed a tengu warrior
  7826 | D:9      | Noticed Grum
  7842 | D:9      | Reached skill level 5 in Shields
  7851 | D:9      | Killed Grum
  8149 | D:9      | Found a basalt altar of Yredelemnul.
  8178 | D:10     | Entered Level 10 of the Dungeon
  8195 | D:10     | Reached skill level 1 in Polearms
  8311 | D:10     | Reached skill level 8 in Maces & Flails
  8333 | D:10     | Killed an unseen horror
  8361 | D:10     | Noticed Bitard's ghost (journeyman MiBe)
  8375 | D:10     | Killed Bitard's ghost
  8383 | D:10     | Reached XP level 11. HP: 84/84 MP: 11/11
  8398 | D:10     | Found Bufar's Assorted Antiques.
  8400 | D:10     | Noticed Nergalle
  8422 | D:10     | Killed Nergalle
  8431 | D:10     | Bought a scroll labeled IWYCIT DALUQIH for 29 gold pieces
  8431 | D:10     | Bought a scroll labeled SAYSKOOXTY for 29 gold pieces
  8431 | D:10     | Bought 2 orange potions for 52 gold pieces
  8476 | D:10     | Noticed a hill giant
  8480 | D:10     | Noticed a centaur warrior
  8480 | D:10     | Received a gift from Trog
  8487 | D:10     | Killed a hill giant
  8498 | D:10     | Killed a centaur warrior
  8517 | D:10     | Gained mutation: Your muscles are strong. (Str +2) [evolution]
  8563 | D:10     | Killed an unseen horror
  8563 | D:10     | Reached skill level 9 in Maces & Flails
  8835 | D:10     | Noticed Psyche
  8841 | D:10     | Killed Psyche
  8897 | D:10     | Noticed an orc knight
  8939 | D:10     | Killed an orc knight
  9158 | D:10     | Reached ****** piety under Trog
  9169 | D:10     | Received a gift from Trog
  9232 | D:10     | Found a roughly hewn altar of Beogh.
  9232 | D:10     | Found a staircase to the Orcish Mines.
  9499 | Orc:1    | Entered Level 1 of the Orcish Mines
  9549 | Orc:1    | Noticed an orc knight
  9571 | Orc:1    | Killed an orc knight
  9715 | Orc:1    | Noticed a deep elf mage
  9715 | Orc:1    | Noticed a deep elf mage
  9715 | Orc:1    | Noticed a deep elf mage
  9715 | Orc:1    | Noticed a deep elf mage
  9715 | Orc:1    | Noticed a deep elf mage
  9715 | Orc:1    | Noticed a deep elf mage
  9715 | Orc:1    | Noticed a deep elf mage
  9716 | Orc:1    | Noticed a deep elf mage
  9716 | Orc:1    | Noticed a deep elf mage
  9734 | Orc:1    | Noticed an orc knight
  9747 | Orc:1    | Killed from afar by a deep elf mage

Skill      XL: |  1  2  3  4  5  6  7  8  9 10 11 |
---------------+----------------------------------+-----
Axes           | 3 4 5 6 |  6.3
Armour         | 2 4 5 6 7 8 |  8.1
Dodging        | 2 3 4 |  4.3
Fighting       | 4 5 6 7 8 |  8.3
Maces & Flails | 4 7 8 9 |  9.8
Stealth        | 1 |  1.9
Shields        | 3 5 7 |  7.4
Polearms       | 1 |  1.3

Action                   |  1- 3 |  4- 6 |  7- 9 | 10-12 || total
-------------------------+-------+-------+-------+-------++-------
Melee: Hand axe          |   104 |   121 |    57 |       ||   282
       Flail             |       |       |   305 |   562 ||   867
       Glaive            |       |       |       |    41 ||    41
       Dire flail        |       |       |       |    22 ||    22
Invok: Berserk           |       |     2 |     4 |     7 ||    13
 Abil: Blink             |       |       |     1 |     1 ||     2
  Use: Scroll            |     9 |     3 |     8 |     5 ||    25
       Potion            |       |       |     2 |     2 ||     4
 Stab: Distracted        |       |       |     2 |     5 ||     7
  Eat: Chunk             |     8 |    19 |     9 |     9 ||    45
       Bread ration      |       |       |       |     3 ||     3
Armor: Animal skin       |    13 |       |       |       ||    13
       Chain mail        |    37 |    66 |    74 |    48 ||   225
       Scale mail        |       |       |    38 |       ||    38
       Plate armour      |       |       |    25 |   248 ||   273
Dodge: Dodged            |    56 |    48 |   123 |   168 ||   395
Block: Other             |    19 |    21 |    69 |    25 ||   134
       Shield            |       |       |    91 |   580 ||   671
